 Dungeon Crawl Stone Soup version 0.30-a0-782-ge64f9170bb (webtiles) character file.

Game seed: 3070866761612747356

133935 112233 the Spry (level 16, -15/81 HPs)
             Began as a Felid Venom Mage on Mar 1, 2023.
             Was an Initiate of Gozag.
             Blown up by an orb spider (45 damage)
             ... with an orb of destruction
             ... on level 4 of the Spider Nest.
             The game lasted 01:20:27 (77652 turns).

112233 the Spry (Felid Venom Mage)                 Turns: 77652, Time: 01:20:28

Health: -15/81     AC: 18    Str:  4    XL:     16   Next: 61%
Magic:  35/35      EV: 44    Int: 30    God:    Gozag
Gold:   577        SH:  0    Dex: 17    Spells: 12/44 levels left
                                        Lives:  0   Deaths: 5

rFire   . . .      SeeInvis +      - Unarmed
rCold   . . .      Faith    .    (shield unavailable)
rNeg    . . .      Spirit   .    (body armour unavailable)
rPois   ∞          Reflect  .    (helmet unavailable)
rElec   +          Harm     .    (cloak unavailable)
rCorr   .          Rampage  .    (gloves unavailable)
Will    ++...                    (boots unavailable)
Stlth   ++                       (no amulet)
HPRegen 0.33/turn                J - +6 ring of intelligence
MPRegen 0.24/turn                N - +5 ring of evasion

@: storm-form (expiring), gold aura, flying, studying Unarmed Combat, unable to
drink
A: cleaving, insubstantial, flying, very small, (claws 1), (fangs 3), see
invisible, (speed 1), (shaggy fur 3), (stealthy paws), no weapons or thrown
items, no armour, multi-lived, evolution 1, inability to drink after injury 1
a: Blinkbolt, End Transformation, Renounce Religion, Potion Petition, Call
Merchant, Bribe Branch


You were on level 4 of the Spider Nest.
You worshipped Gozag.
Gozag was pleased with you.
You were a lightning-filled tempest!
You visited 6 branches of the dungeon, and saw 30 of its levels.
You visited the Abyss 1 time.
You also visited: Gauntlet.

You collected 12745 gold pieces.
You spent 3907 gold pieces at shops.
You paid 8261 gold pieces to Gozag.

Inventory:

Hand Weapons
 X - a +0 scimitar of flaming
Jewellery
 f - the ring of Bezet {rPois Str+2}
   (You found it in a Gauntlet)

   [ring of poison resistance]

   Str:       It affects your strength (+2).
   rPois:     It protects you from poison.
 i - a ring of protection from fire
 o - a ring of magical power
 q - a ring of ice
 t - a +4 ring of protection
 D - the ring "Focvaliu" {rF+++ Str-3 Int+4 SInv}
   (You found it on level 15 of the Dungeon)

   [ring of see invisible]

   Str:       It affects your strength (-3).
   Int:       It affects your intelligence (+4).
   rF:        It renders you almost immune to fire.
   SInv:      It lets you see invisible.
 J - a +6 ring of intelligence (left paw)
 M - a +6 ring of dexterity
 N - a +5 ring of evasion (right paw)
 V - an amulet of the acrobat
 Y - a ring of protection from cold
Wands
 h - a wand of flame (102)
 v - a wand of mindburst (14)
 I - a wand of paralysis (21)
 L - a wand of polymorph (4)
 O - a wand of roots (2)
Scrolls
 b - 5 scrolls of enchant weapon
 c - 4 scrolls of noise
 d - a scroll of torment
 e - 5 scrolls of enchant armour
 g - 6 scrolls of immolation
 j - 3 scrolls of silence
 l - 2 scrolls of teleportation
 m - a scroll of poison
 p - 12 scrolls of magic mapping
 r - a scroll of butterflies
 y - 6 scrolls of fear
 B - 5 scrolls of vulnerability
 F - 5 scrolls of fog
 H - 3 scrolls of amnesia
 W - 11 scrolls of identify
Potions
 a - 4 potions of degeneration
 k - 10 potions of curing
 n - 3 potions of haste
 s - 3 potions of invisibility
 u - 8 potions of attraction
 w - 4 potions of cancellation
 x - 3 potions of berserk rage
 z - 6 potions of resistance
 A - 3 potions of lignification
 C - 5 potions of flight
 G - 4 potions of might
 K - a potion of brilliance
 Q - 3 potions of ambrosia
Miscellaneous
 P - a box of beasts (inert)
 S - a phantom mirror
 T - a lightning rod (4/4)
 U - a tin of tremorstones (2/2)


   Skills:
 + Level 15.6 Fighting
 - Level 19.1 Dodging
 - Level 3.0 Stealth
 * Level 10.3 Unarmed Combat
 + Level 14.6 Spellcasting
 + Level 13.3 Transmutations
 + Level 13.4 Air Magic
 - Level 2.8 Poison Magic


You had 12 spell levels left.
You knew the following spells:

 Your Spells              Type           Power      Damage    Failure   Level
a - Storm Form            Tmut/Air       40%        N/A       8%          7
b - Poisonous Vapours     Pois/Air       100%       N/A       1%          2
c - Airstrike             Air            40%        2d(6-22)  1%          4
d - Swiftness             Air            80%        N/A       1%          3
e - Mephitic Cloud        Conj/Pois/Air  53%        N/A       1%          3
f - Olgreb's Toxic Radia  Pois           38%        N/A       7%          4
g - Passwall              Tmut/Erth      48%        N/A       1%          2
h - Statue Form           Tmut/Erth      38%        N/A       22%         6
j - Sting                 Tmut/Pois      100%       1d8       1%          1

Your spell library contained the following spells:

 Spells                   Type           Power      Damage    Failure   Level
 Shock                    Conj/Air       100%       1d9       1%          1
 Cigotuvi's Dreadful Rot  Necr/Pois/Air  100%       N/A       1%          2
 Ignite Poison            Fire/Tmut/Pois 52%        N/A       1%          3
 Vhi's Electric Charge    Tloc/Air       100%       N/A       1%          3
 Petrify                  Tmut/Erth      58%        N/A       1%          4
 Blade Hands              Tmut           40%        N/A       1%          5
 Sandblast                Erth           42%        2d11      2%          1
 Scorch                   Fire           42%        2d7       3%          2
 Sublimation of Blood     Necr           21%        N/A       3%          2
 Arcjolt                  Conj/Air       29%        1d39      3%          5
 Irradiate                Conj/Tmut      29%        3d21      4%          5
 Gell's Gravitas          Tloc           21%        N/A       7%          3
 Stone Arrow              Conj/Erth      42%        3d9       7%          3
 Teleport Other           Tloc           21%        N/A       7%          3
 Dragon Form              Tmut           40%        N/A       8%          7
 Freezing Cloud           Conj/Ice/Air   24%        6-21      10%         5
 Anguish                  Hex/Necr       10%        N/A       22%         4
 Flame Wave               Conj/Fire      21%        2d8       22%         4
 Leda's Liquefaction      Hex/Erth       10%        N/A       22%         4
 Manifold Assault         Tloc           21%        N/A       22%         4
 Sticky Flame             Conj/Fire      21%        2d4       22%         4
 Maxwell's Capacitive Co  Air            40%        ∞         50%         8
 Iskenderun's Battlesphe  Conj           21%        2d7       52%         5
 Metabolic Englaciation   Hex/Ice        10%        N/A       52%         5
 Dispersal                Tloc           10%        N/A       98%         6
 Iron Shot                Conj/Erth      10%        9d3       98%         6
 Summon Cactus Giant      Summ           10%        N/A       98%         6
 Enfeeble                 Hex            10%        N/A       100%        7
 Spellforged Servitor     Conj/Summ      10%        N/A       100%        7
 Borgnjor's Revivificati  Necr           10%        N/A       100%        8
 Disjunction              Tloc           10%        N/A       100%        8
 Ignition                 Fire           10%        3d5       100%        8
 Necromutation            Tmut/Necr      29%        N/A       100%        8
 Death's Door             Necr           10%        N/A       100%        9


Dungeon Overview and Level Annotations

Branches:
Dungeon (15/15)            Temple (1/1) D:5            Lair (5/5) D:10
 Shoals (0/4) Lair:2       Spider (4/4) Lair:3        Slime (0/5) Lair:4
    Orc (2/2) D:12            Elf (3/3) Orc:2        Vaults (0/5) D:13
 Depths (0/4) D:15        Gauntlet (visited)

Altars:
Ashenzari
Cheibriados
Dithmenos
Elyvilon
Fedhas
Gozag
Hepliaklqana
Kikubaaqudgha
Makhleb
Nemelex Xobeh
Okawaru
Qazlal
Ru
Sif Muna
Trog
Vehumet
Wu Jian
Yredelemnul
Zin
The Shining One

Shops:
D:3 ?   D:7 :   D:8 =   D:9 :?   D:12 =:   Orc:2 [(:***?(   Elf:2 ?
Spider:1 :

Portals:
Trove: D:12 (give 6 potions of haste)

Annotations:
D:2 exclusion: upstairs
D:3 1 runed translucent door, Crazy Yiuf
D:5 exclusion: 2 downstairs
D:6 exclusion: downstairs
D:9 exclusion: downstairs
D:12 8 runed translucent doors
Lair:1 2 transporters, anet's ghost, novice HOCj
Lair:5 3 runed translucent doors, TryHard88's ghost, journeyman MiBe; gorillaNest's ghost, journeyman DEFE
Spider:3 2 transporters, Oretred's ghost, adept MiFi
Elf:2 3 runed translucent doors


Innate Abilities, Weirdness & Mutations

You are a lightning-filled tempest!
Your electrical attacks strike out in all directions at once.
You are incredibly evasive.
Your insubstantial body is immune to petrification, constriction, and being set on fire You are flying.
You are immune to poison.
((You have sharp claws.))
((You have razor-sharp teeth.))
You have supernaturally acute eyesight. (SInv)
((You cover ground quickly. (Speed+)))
((Your thick and shaggy fur keeps you warm. (AC +3, rC+)))
((Your paws help you pounce on unaware monsters.))
You are incapable of wielding weapons or throwing items.
You cannot wear armour.
You gain extra lives every three experience levels.
You have hidden genetic potential.
You occasionally lose the ability to drink potions when taking damage.


Message History

The wolf spider is heavily wounded.
A redback comes into view.
The jumping spider is distracted by your dazzling golden aura.
The wolf spider completely misses you. x2
Unknown command.
The jumping spider's many legs skitter faintly.
You buffet the wolf spider!
The wolf spider is severely wounded.
You barely miss the redback.
The jumping spider leaps!
The orb of destruction hits you!!!
Ouch! That really hurt!
The redback completely misses you.
The wolf spider completely misses you. x2
A jumping spider comes into view.
The jumping spider's many legs skitter faintly.
The redback completely misses you.
The redback is distracted by your dazzling golden aura.
The wolf spider completely misses you. x2
You batter the wolf spider!!
Lightning courses through the wolf spider!
You kill the wolf spider!
You buffet the jumping spider!
Lightning courses through the jumping spider!!
You kill the jumping spider!
You buffet the redback!
Lightning courses through the redback!
You kill the redback!
The radroach is no longer distracted by gold.
The orb spider weaves a glowing orb of energy.
The jumping spider leaps!
A redback comes into view.
The radroach is distracted by your dazzling golden aura.
An orb of destruction comes into view.
A jumping spider comes into view.
The jumping spider is distracted by your dazzling golden aura.
A jumping spider comes into view.
The jumping spider is distracted by your dazzling golden aura.
The orb spider begins to weave its threads into a brightly glowing ball.
The orb of destruction hits you!!!
You feel threatened and lose the ability to drink potions!
Ouch! That really hurt!
You die...

..#.. ^.. ...##...^.
^...^#s^.# ##..s.^~^#.
#.s○#.#.... #
##$*#..s.^.
#.####.○#.^..#
#..^..#○$ss#.s# ##
####..^#v#...s. .###
###.....#...#..B.
...####..^#.......^..#°
.^##..#.^..#.^#).###...
)...#...##.#..#.## #..
.#..^..)#.^.....# .
##..#.#...^#...##
#...##.#.......##
.<.#...^#....##.##


You could see an orb spider (charged), 3 jumping spiders and a redback.

Vanquished Creatures
  Rupert (D:13)
  Jorgrun (Spider:3)
  Donald (Spider:1)
  A deep elf sorcerer (Elf:3)
  A ghost moth (Spider:3)
  A very ugly thing (Abyss:2)
  A broodmother (Lair:3)
  Nessos (Lair:3)
  A deep elf demonologist (Elf:2)
  2 deep elf annihilators (Elf:3)
  2 spark wasps
  A dire elephant (D:15)
  A minotaur (Gauntlet)
  Snorg (D:14)
  A deep elf death mage (Elf:3)
  A deep elf high priest (Elf:1)
  Harold (D:9)
  3 entropy weavers (Spider:1)
  5 hydras
  2 jorogumos (Spider:3)
  2 catoblepae
  4 centaur warriors
  8 two-headed ogres
  6 death yaks
  4 boulder beetles
  An alligator (Lair:5)
  18 dancing weapons
  A thrashing horror (Abyss:2)
  4 orc high priests
  2 tengu warriors
  Urug (D:13)
  8 deep elf knights
  5 skeletal warriors
  5 pharaoh ants
  4 sun moths
  A wretched star (Abyss:2)
  A flayed ghost (Abyss:2)
  4 orb spiders
  9 deep elf archers
  A lindwurm (Lair:5)
  16 deep elf zephyrmancers
  A wizard (D:15)
  A phantasmal warrior (D:15)
  4 steelbarb worms
  21 deep elf pyromancers
  6 orc knights
  6 orc sorcerers
  7 cyclopes
  3 moths of wrath
  13 ugly things
  11 wolf spiders
  2 manticores
  2 elephants (Lair:5)
  An eye of devastation (Lair:4)
  2 smoke demons (Abyss:2)
  7 cane toads
  A black mamba (shapeshifter) (Elf:1)
  6 gargoyles
  6 black mambas
  2 torpor snails
  5 demonic crawlers
  4 rime drakes
  2 unseen horrors
  Maggie (D:6)
  A tengu conjurer (D:15)
  An efreet (Abyss:2)
  8 komodo dragons
  3 kobold demonologists (D:11)
  A freezing wraith (Abyss:2)
  An ice devil (Abyss:2)
  An ancient zyme (Abyss:2)
  A troll (shapeshifter) (D:14)
  3 hellwings (Abyss:2)
  12 trolls
  A tyrant leech (Gauntlet)
  18 tarantellas
  14 polar bears
  12 raiju
  3 hornets
  A snapping turtle (Lair:2)
  Prince Ribbit (D:6)
  16 blink frogs
  7 dream sheep
  18 culicivoras
  5 slime creatures
  3 air elementals
  22 jumping spiders
  4 vampires
  3 shadows
  A ynoxinul (Abyss:2)
  5 wyverns
  An unseen horror simulacrum (D:9)
  Eustachio (D:5)
  76 yaks
  3 water elementals
  5 wraiths
  3 fire elementals
  16 humans
  8 vampire mosquitoes
  Grum (Lair:1)
  A neqoxec (Abyss:2)
  4 large abominations (Abyss:2)
  2 steam dragons
  8 basilisks
  35 redbacks
  6 wargs
  A harpy simulacrum (Abyss:2)
  13 water moccasins
  4 swamp worms (Gauntlet)
  7 acid dragons
  A floating eye (Lair:4)
  A sky beast (D:6)
  14 hell hounds (Lair:5)
  31 orc warriors
  4 ice beasts
  14 black bears
  4 ogres
  38 wolves
  11 centaurs
  A phantom (D:6)
  2 kobold brigands
  Blork the orc (D:6)
  5 bullfrogs
  5 earth elementals
  A necrophage (D:5)
  4 gnoll sergeants
  4 scorpions
  20 wights
  14 killer bees
  3 electric eels
  5 howler monkeys
  22 orc priests
  2 jellies
  2 gnoll boudas
  6 hounds
  Jessica (D:2)
  3 iguanas
  33 orc wizards
  2 small abominations (Abyss:2)
  3 centaur simulacra (D:9)
  Robin (D:3)
  13 gnolls
  9 adders
  A river rat (D:10)
  A shadow imp (D:7)
  4 white imps
  A howler monkey simulacrum (D:9)
  8 ufetubi
  4 dart slugs
  68 orcs
  7 ball pythons
  4 endoplasms
  4 giant cockroaches
  17 goblins
  10 hobgoblins
  3 quokkas
  8 bats
  3 frilled lizards
  9 kobolds
  11 rats
1052 creatures vanquished.

Vanquished Creatures (collateral kills)
  A steelbarb worm (Spider:1)
1 creature vanquished.

Vanquished Creatures (others)
  A ghost moth (Spider:1)
  A sun demon (Abyss:2)
  A deep elf knight (Elf:3)
  An air elemental (Elf:1)
  A vampire (D:12)
  A fire elemental (Elf:1)
  An orc priest (Orc:2)
  5 bushes (Lair:5)
  39 fungi
  51 plants
102 creatures vanquished.

Grand Total: 1155 creatures vanquished

Notes
Turn   | Place    | Note
-------+----------+-------------------------------------------
     0 | D:1      | 112233 the Felid Venom Mage began the quest for the Orb.
     0 | D:1      | Reached XP level 1. HP: 7/7 MP: 4/4
   416 | D:1      | Reached XP level 2. HP: 11/11 MP: 4/6
   494 | D:1      | Reached skill level 3 in Dodging
   517 | D:1      | Learned a level 2 spell: Poisonous Vapours
   931 | D:2      | Found a blossoming altar of Fedhas.
  1385 | D:2      | Reached XP level 3. HP: 15/15 MP: 3/7
  1653 | D:2      | Noticed Jessica
  1657 | D:2      | Killed Jessica
  1658 | D:2      | Reached skill level 1 in Fighting
  1658 | D:2      | Reached skill level 1 in Air Magic
  1854 | D:2      | Reached XP level 4. HP: 19/19 MP: 1/8
  2789 | D:3      | Found a runed translucent door.
  2790 | D:3      | Noticed Crazy Yiuf
  3033 | D:3      | Learned a level 3 spell: Mephitic Cloud
  3158 | D:3      | Reached skill level 4 in Dodging
  3476 | D:3      | Noticed Robin
  3505 | D:3      | Reached XP level 5. HP: 22/22 MP: 2/10
  3530 | D:3      | Killed Robin
  4209 | D:3      | Learned a level 3 spell: Swiftness
  4293 | D:3      | Killed from afar by an orc wizard
  4294 | D:3      | Reached XP level 4. HP: -6/19 MP: 2/9
  4475 | D:3      | Found Aduilaen's Magic Scroll Boutique.
  5216 | D:4      | Noticed a black bear
  5237 | D:4      | Killed a black bear
  5238 | D:4      | Reached XP level 5. HP: 22/23 MP: 4/11
  5536 | D:4      | Reached skill level 5 in Dodging
  5627 | D:4      | Gained mutation: You are covered in thick fur. (AC +2)
                  | [Felid growth]
  5627 | D:4      | Reached XP level 6. HP: 27/27 MP: 1/12
  6301 | D:5      | Entered Level 5 of the Dungeon
  6766 | D:5      | Found a staircase to the Ecumenical Temple.
  6837 | Temple   | Entered the Ecumenical Temple
  7118 | Temple   | Became a worshipper of Gozag Ym Sagoz the Greedy
  7361 | D:1      | Found a faded altar of an unknown god.
  7999 | D:5      | Noticed Eustachio
  8013 | D:5      | Killed Eustachio
  8014 | D:5      | Reached XP level 7. HP: 31/31 MP: 6/14
  8134 | D:5      | Learned a level 4 spell: Airstrike
  8344 | D:6      | Reached skill level 6 in Dodging
  9253 | D:6      | Noticed Maggie
  9257 | D:6      | Reached XP level 8. HP: 36/36 MP: 16/16
 10086 | D:6      | Reached skill level 7 in Dodging
 10211 | D:7      | Reached skill level 5 in Spellcasting
 10322 | D:7      | Reached skill level 5 in Fighting
 10741 | D:8      | Learned a level 4 spell: Olgreb's Toxic Radiance
 10775 | D:8      | Reached skill level 8 in Dodging
 10775 | D:8      | Reached skill level 5 in Air Magic
 10788 | D:8      | Reached XP level 9. HP: 41/41 MP: 8/18
 11506 | D:8      | Found Ylit's Jewellery Emporium.
 12073 | D:7      | Reached skill level 9 in Dodging
 12463 | D:6      | Killed Maggie
 12945 | D:6      | Noticed Prince Ribbit
 12952 | D:6      | Killed Prince Ribbit
 13103 | D:5      | Reached XP level 10. HP: 47/47 MP: 13/21
 13811 | D:6      | Noticed Blork the orc
 13813 | D:6      | Killed Blork the orc
 14143 | D:7      | Reached skill level 10 in Dodging
 14360 | D:7      | Found Meor's Vocational Training.
 16456 | D:9      | Noticed Harold
 16470 | D:9      | Slain by Harold
 16471 | D:9      | Reached XP level 9. HP: -2/64 MP: 1/30
 16523 | D:9      | Reached XP level 10. HP: 14/48 MP: 1/22
 17247 | D:9      | Reached skill level 11 in Dodging
 17570 | D:9      | Killed Harold
 17920 | D:9      | Found Ehupourch's Magic Scroll Shoppe.
 18096 | D:9      | Slain by a polar bear
 18097 | D:9      | Reached XP level 9. HP: -2/45 MP: 1/31
 18100 | D:9      | Found Fydd's Self-Improvement Boutique.
 18102 | D:9      | Killed a polar bear
 18118 | D:9      | Noticed a two-headed ogre
 18121 | D:9      | Killed a two-headed ogre
 18122 | D:9      | Reached XP level 10. HP: 49/49 MP: 19/23
 18634 | D:9      | Noticed a cyclops
 18638 | D:9      | Killed a cyclops
 18753 | D:9      | Bought a scroll of identify for 28 gold pieces
 18753 | D:9      | Bought a scroll of identify for 28 gold pieces
 18753 | D:9      | Bought a scroll of fear for 56 gold pieces
 18753 | D:9      | Bought a scroll of magic mapping for 105 gold pieces
 18753 | D:9      | Bought a scroll of teleportation for 42 gold pieces
 18753 | D:9      | Bought a scroll of fog for 56 gold pieces
 19224 | D:10     | Entered Level 10 of the Dungeon
 19496 | D:10     | Reached skill level 12 in Dodging
 19957 | D:10     | Noticed a death yak
 19964 | D:10     | Noticed a death yak
 19964 | D:10     | Noticed a death yak
 20133 | D:11     | Noticed a gargoyle
 20203 | D:11     | Killed a gargoyle
 20204 | D:11     | Reached skill level 10 in Air Magic
 20216 | D:10     | Found a staircase to the Lair.
 20496 | D:9      | Reached XP level 11. HP: 53/53 MP: 24/24
 20728 | D:9      | Noticed a two-headed ogre
 20731 | D:9      | Killed a two-headed ogre
 21315 | Lair:1   | Entered Level 1 of the Lair of Beasts
 21495 | Lair:1   | Noticed Grum
 21513 | Lair:1   | Killed Grum
 22166 | Lair:1   | Found a transporter.
 22176 | Lair:1   | Found a transporter.
 22183 | Lair:1   | Found a bloodstained altar of Trog.
 22183 | Lair:1   | Noticed a spriggan rider
 22198 | Lair:1   | Noticed a spriggan rider
 22204 | Lair:1   | You fall into a shaft and drop 1 floor!
 22204 | Lair:2   | Noticed a five-headed hydra
 22326 | Lair:2   | Killed a five-headed hydra
 22331 | Lair:1   | Noticed a catoblepas
 22932 | Lair:1   | Killed a catoblepas
 23494 | D:11     | Reached skill level 13 in Dodging
 23495 | D:11     | Noticed a green ugly thing
 23501 | D:11     | Killed a green ugly thing
 23804 | D:11     | You fall into a shaft and drop 1 floor!
 24322 | D:11     | Reached skill level 10 in Fighting
 24454 | D:12     | Gained mutation: Your thick and shaggy fur keeps you warm.
                  | (AC +3, rC+) [Felid growth]
 24454 | D:12     | Reached XP level 12. HP: 58/58 MP: 22/26
 24791 | D:11     | Learned a level 2 spell: Passwall
 24814 | D:12     | Found a portal to a secret trove of treasure.
 24858 | D:12     | Noticed a two-headed ogre
 24861 | D:12     | Killed a two-headed ogre
 24930 | D:12     | Found a large runed translucent door.
 24969 | D:12     | Noticed a boulder beetle
 24975 | D:13     | Noticed a centaur warrior
 24975 | D:13     | Noticed a tengu warrior
 24975 | D:13     | Noticed Rupert
 24975 | D:13     | Noticed Urug
 24975 | D:13     | Found a gate to the Vaults.
 25054 | D:12     | Found a large runed translucent door.
 25059 | D:12     | Found a large runed translucent door.
 25059 | D:12     | Found a large runed translucent door.
 25065 | D:12     | You fall into a shaft and drop 1 floor!
 25229 | D:13     | Found a stormy altar of Qazlal.
 25794 | D:14     | Found a gate leading to a gauntlet.
 25803 | Gauntlet | Entered a Gauntlet
 25803 | Gauntlet | Found a transporter.
 25803 | Gauntlet | Found a transporter.
 25933 | Gauntlet | Found a transporter.
 25949 | Gauntlet | Found a transporter.
 25949 | Gauntlet | Found a transporter.
 25949 | Gauntlet | Found a transporter.
 25951 | Gauntlet | Found a transporter.
 25951 | Gauntlet | Found a transporter.
 25963 | Gauntlet | Found a transporter.
 25978 | Gauntlet | Found a runed translucent door.
 25979 | Gauntlet | Found a transporter.
 25979 | Gauntlet | Noticed an entropy weaver
 25980 | Gauntlet | Found a runed translucent door.
 25989 | Gauntlet | Found a transporter.
 26006 | Gauntlet | Found a transporter.
 26023 | Gauntlet | Found a transporter.
 26035 | Gauntlet | Found a transporter.
 26274 | Gauntlet | Identified the ring of Bezet {rPois Str+2}
 26397 | Gauntlet | Learned a level 6 spell: Statue Form
 26457 | Gauntlet | Noticed a minotaur
 26514 | Gauntlet | Identified the +5 rapier "Worm" {freeze, rC+ rN+}
 26696 | Gauntlet | Killed a minotaur
 27190 | D:14     | Reached skill level 10 in Spellcasting
 27665 | D:15     | Entered Level 15 of the Dungeon
 27752 | D:15     | Noticed a tengu warrior
 27756 | D:15     | Killed a tengu warrior
 27977 | D:15     | Found a sacrificial altar of Ru.
 28014 | D:15     | Reached skill level 14 in Dodging
 28019 | D:15     | Noticed a centaur warrior
 28019 | D:15     | Noticed a death knight
 28025 | D:15     | Killed a centaur warrior
 28346 | D:14     | You fall into a shaft and drop 1 floor!
 28390 | D:15     | Identified the ring "Focvaliu" {rF+++ Str-3 Int+4 SInv}
 28877 | D:13     | Killed a centaur warrior
 28946 | D:13     | Killed a tengu warrior
 29106 | D:13     | Killed Urug
 29107 | D:13     | Reached XP level 13. HP: 63/63 MP: 13/28
 29596 | D:13     | Paralysed by Rupert for 2 turns
 29613 | D:13     | Killed Rupert
 30421 | D:13     | Reached skill level 5 in Transmutations
 31028 | D:14     | Noticed Snorg
 31034 | D:14     | Killed Snorg
 31153 | D:14     | Reached skill level 15 in Dodging
 32927 | D:12     | Hit by a large rock thrown by a cyclops
 32928 | D:12     | Reached XP level 12. HP: -8/60 MP: 30/37
 32930 | D:12     | Found a large runed translucent door.
 32931 | D:12     | Noticed a deep troll earth mage
 32932 | D:12     | Noticed a sphinx
 32934 | D:12     | Found a large runed translucent door.
 32934 | D:12     | Noticed a deep elf annihilator
 33151 | D:12     | Noticed a two-headed ogre
 33152 | D:12     | Killed a boulder beetle
 33435 | D:12     | Killed a two-headed ogre
 34643 | D:12     | Reached XP level 13. HP: 60/64 MP: 15/29
 34974 | D:12     | Got Qyobacath's Almanac of Enthralling Ouranomancy
 34980 | D:12     | Found a large runed translucent door.
 37205 | D:10     | Found a sparkling altar of Nemelex Xobeh.
 37209 | D:10     | Found a white marble altar of Elyvilon.
 37598 | D:12     | Reached skill level 16 in Dodging
 37809 | D:12     | Learned a level 7 spell: Dragon Form
 37908 | D:12     | Found a staircase to the Orcish Mines.
 38349 | D:12     | Found a large runed translucent door.
 38483 | Orc:1    | Entered Level 1 of the Orcish Mines
 40184 | Orc:2    | Entered Level 2 of the Orcish Mines
 40225 | Orc:2    | Found a staircase to the Elven Halls.
 40717 | Orc:2    | Found Wuxzoneg's General Store.
 40725 | Orc:2    | Bought a scroll of identify for 28 gold pieces
 40725 | Orc:2    | Bought a scroll of identify for 28 gold pieces
 40880 | Orc:2    | Found Ecveusub's Antique Weapon Shoppe.
 41011 | Orc:2    | Found Vocix's Book Boutique.
 41051 | Orc:2    | Found Nahoij's General Store.
 41593 | Orc:2    | Found Ryfonta's Magic Scroll Shoppe.
 41601 | Orc:2    | Bought a scroll of acquirement for 624 gold pieces
 41601 | Orc:2    | Acquired 618 gold pieces
 41625 | Orc:2    | Bought a scroll of blinking for 90 gold pieces
 41625 | Orc:2    | Bought a scroll of fog for 48 gold pieces
 42901 | Orc:2    | Reached XP level 14. HP: 69/69 MP: 16/31
 43016 | Orc:2    | Found Afufaas's General Store.
 43035 | Orc:2    | Found Foida's Antique Weapon Shoppe.
 43037 | Orc:2    | Found Mycad's Antique Armour Boutique.
 43845 | Lair:1   | Noticed anet's ghost (novice HOCj)
 45156 | Lair:2   | Found a staircase to the Shoals.
 45914 | Lair:3   | Noticed Nessos
 45931 | Lair:3   | Killed Nessos
 46497 | Lair:3   | Reached skill level 17 in Dodging
 48598 | Lair:3   | Found a hole to the Spider Nest.
 49238 | Lair:4   | Found a staircase to the Slime Pits.
 50591 | Lair:5   | Entered Level 5 of the Lair of Beasts
 50591 | Lair:5   | Found a runed translucent gate.
 50591 | Lair:5   | Found a runed translucent gate.
 50591 | Lair:5   | Found a runed translucent gate.
 51528 | Lair:5   | Noticed gorillaNest's ghost (journeyman DEFE)
 51528 | Lair:5   | Noticed TryHard88's ghost (journeyman MiBe)
 51528 | Lair:5   | Noticed gorillaNest's ghost (journeyman DEFE)
 52233 | Lair:5   | Reached skill level 10 in Transmutations
 54765 | Lair:5   | Reached XP level 15. HP: 75/75 MP: 28/32
 55222 | Lair:5   | Identified the +1 robe "Latob" {*Corrode +Blink Regen+
                  | Int+3}
 56118 | Lair:5   | Reached skill level 18 in Dodging
 57412 | D:3      | Bought a scroll of blinking for 97 gold pieces
 57412 | D:3      | Bought a scroll of teleportation for 39 gold pieces
 57412 | D:3      | Bought a scroll of teleportation for 39 gold pieces
 57412 | D:3      | Bought a scroll of teleportation for 39 gold pieces
 57412 | D:3      | Bought a scroll of blinking for 97 gold pieces
 57412 | D:3      | Bought a scroll of fear for 52 gold pieces
 57412 | D:3      | Bought a scroll of fear for 52 gold pieces
 57412 | D:3      | Bought a scroll of teleportation for 39 gold pieces
 58659 | D:15     | Found a staircase to the Depths.
 59556 | D:12     | Bought Sif Muna's Vademecum on Conduction for 736 gold
                  | pieces
 59564 | D:12     | Learned a level 7 spell: Storm Form
 59639 | Elf:1    | Entered Level 1 of the Elven Halls
 61352 | Spider:1 | Entered Level 1 of the Spider Nest
 61448 | Lair:3   | Gained mutation: You expend magic power (3 MP) to
                  | strengthen your wands. [potion of mutation]
 61448 | Lair:3   | Gained mutation: You are partially covered in iridescent
                  | scales. (AC +2) [potion of mutation]
 63034 | Spider:1 | Noticed Donald
 63044 | Spider:1 | Killed Donald
 67973 | Spider:1 | Reached XP level 16. HP: 68/80 MP: 2/34
 68219 | D:9      | Bought a manual of Unarmed Combat for 1360 gold pieces
 68642 | Elf:1    | Reached skill level 19 in Dodging
 69498 | Elf:2    | Acquired 867 gold pieces
 69968 | Elf:2    | Killed from afar by a deep elf zephyrmancer
 69969 | Elf:2    | Reached XP level 15. HP: -21/63 MP: 39/42
 69975 | Elf:2    | Reached skill level 1 in Unarmed Combat
 70567 | Elf:2    | Found Wodum's Magic Scroll Shoppe.
 70588 | Elf:2    | Bought a scroll of teleportation for 48 gold pieces
 70588 | Elf:2    | Bought a scroll of teleportation for 48 gold pieces
 70588 | Elf:2    | Bought 2 scrolls of fear for 128 gold pieces
 70954 | Elf:2    | Found a runed translucent gate.
 70965 | Elf:2    | Found a runed translucent gate.
 70966 | Elf:2    | Found a runed translucent gate.
 71028 | Elf:3    | Entered Level 3 of the Elven Halls
 71139 | Elf:3    | Reached skill level 15 in Fighting
 71290 | Elf:3    | Noticed a deep elf sorcerer
 71301 | Elf:3    | Killed a deep elf sorcerer
 71418 | Elf:3    | Reached skill level 5 in Unarmed Combat
 71777 | Abyss:2  | Cast into level 2 of the Abyss (a deep elf demonologist)
 71779 | Abyss:2  | Found a corrupted altar of Lugonu.
 71787 | Abyss:2  | Noticed a hellephant
 71794 | Abyss:2  | Noticed a tentacled starspawn
 71802 | Abyss:2  | Found a corrupted altar of Lugonu.
 71875 | Abyss:2  | Noticed a tentacled starspawn
 71913 | Abyss:2  | Gained mutation: You sometimes lose your temper in combat.
                  | [a neqoxec]
 71981 | Abyss:2  | Noticed a bone dragon
 72005 | Abyss:2  | Found an ancient bone altar of Kikubaaqudgha.
 72054 | Abyss:2  | Found a corrupted altar of Lugonu.
 72101 | Abyss:2  | Noticed a revenant
 72293 | Abyss:2  | Found an ancient bone altar of Kikubaaqudgha.
 72395 | Abyss:2  | HP: 3/75 [bone dragon (14)]
 72524 | Abyss:2  | Noticed a tentacled starspawn
 72529 | Elf:3    | Escaped the Abyss
 72625 | Elf:3    | Reached XP level 16. HP: 64/81 MP: 14/35
 73826 | Elf:2    | Lost mutation: You are partially covered in iridescent
                  | scales. (AC +2) [potion of mutation]
 73826 | Elf:2    | Lost mutation: You sometimes lose your temper in combat.
                  | [potion of mutation]
 73826 | Elf:2    | Gained mutation: You have hidden genetic potential. [potion
                  | of mutation]
 73826 | Elf:2    | Lost mutation: You expend magic power (3 MP) to strengthen
                  | your wands. [potion of mutation]
 74754 | Spider:2 | Gained mutation: You occasionally lose the ability to drink
                  | potions when taking damage. [mutagenic glow]
 74944 | Spider:2 | You fall into a shaft and drop 1 floor!
 75314 | Spider:3 | Noticed Jorgrun
 75581 | Spider:3 | Killed Jorgrun
 76104 | Spider:3 | Found a transporter.
 76104 | Spider:3 | Noticed Oretred's ghost (adept MiFi)
 76693 | Spider:3 | Found a transporter.
 77117 | Spider:3 | Reached skill level 10 in Unarmed Combat
 77485 | Spider:4 | Entered Level 4 of the Spider Nest
 77652 | Spider:4 | Blown up by an orb spider

Illustrated notes

Levels and vault maps discovered:
D:1:      tarquinn_simple_flora_water_b, layout_basic,
          dreamdust_ecumenical_altar_drowned_temple, nicolae_figureground_pulse
D:2:      layout_basic, basic_altar, uniq_jessica
D:3:      layout_basic, serial_shops, shop_fountains, uniq_crazy_yiuf_cottage,
          uniq_robin
D:4:      layout_gridville
D:5:      layout_loops_ring, minmay_temple_entry_junction, uniq_eustachio
D:6:      hangedman_cross_stitches, layout_basic, uniq_maggie,
          uniq_prince_ribbit1, uniq_blork_the_orc
D:7:      layout_cave_pools, nicolae_eternal_life, nicolae_shop_vocational
D:8:      layout_basic, serial_shops, nicolae_shop_statue_plus
D:9:      nzn_winding_woodlands_three_and_one [nzn_winding_woodlands_5x15_pool,
          nzn_winding_woodlands_5x15_zeroes,
          nzn_winding_woodlands_5x15_sidewinder,
          nzn_winding_woodlands_center_garden], layout_gridville, serial_shops,
          kennysheep_little_box, serial_ice, serial_ice_g, serial_ice_d,
          serial_ice_n, serial_ice_a, serial_ice_e, serial_ice_c, serial_ice_o,
          serial_ice_i, serial_ice_f, serial_ice_h, nicolae_shop_self_help,
          uniq_harold
D:10:     layout_basic, mainiacjoe_overflow_divided_tiny, dpeg_lair_monsters
D:11:     minmay_inner_zag, layout_basic, patterned_corridor
D:12:     minmay_five_octagons, layout_small_grid, enter_trove_6, minivault_19,
          minmay_circle_x
D:13:     layout_loops_cross, david_vaults_3, nicolae_qazlal_style_of_elements
D:14:     layout_irregular_city, gauntlet_entry_generic, minmay_orc_keep,
          uniq_snorg
D:15:     hangedman_depths_entry_try_elsewhere_first, layout_rooms,
          nicolae_ru_sacrificial_ziggurat
Temple:   mainiacjoe_temple_big_plus
Lair:1:   layout_loops_ring, gammafunk_ghost_wrathful_warriors, uniq_grum
Lair:2:   layout_chaotic_city, minmay_shoals_entry_hut
Lair:3:   layout_gridlike, dummy_spider_entry, grunt_megastairs_4, uniq_nessos
Lair:4:   layout_regular_city, minmay_slime_entry_eyes, enter_volcano_2,
          lemuel_fruit_tree
Lair:5:   hangedman_lair_caniforms_friends, layout_layer_cave,
          hangedman_lair_in_review, gammafunk_ghost_cemetery
Spider:1: layout_spider_delve, hellmonk_motheaten_closet,
          hangedman_spider_tarantella_strand, uniq_donald
Spider:2: layout_spider_delve
Spider:3: layout_chambers, gammafunk_ghost_mausoleum,
          nicolae_spider_cling_halls, uniq_jorgrun
Spider:4: grunt_spider_rune_island, gammafunk_ghost_tricky_traps,
          portal_ice_cave_entry_ice_statue_one
Orc:1:    layout_caves, minmay_orc_temple_a
Orc:2:    st_orc_elflike, layout_diamond_mine, serial_shops, nicolae_shop_stone,
          shop, shop_statue, shop
Elf:1:    nicolae_elf_arrival_fired_up, layout_geoelf_diagonals, minivault_28
Elf:2:    nicolae_elf_blades_splatter_lattice
          [nicolae_blade_entry_diamond_columns], layout_gridlike, serial_shops,
          nicolae_shop_crystal, uniq_zenata
Elf:3:    minmay_elf_hall_curves, layout_gridlike

Skill      XL: |  1  2  3  4  5  6  7  8  9 10 11 12 13 14 15 16 |
---------------+-------------------------------------------------+-----
Stealth        | 3 |  3.0
Dodging        | 3 4 5 6 8 9 12 13 14 16 17 18 19 | 19.1
Fighting       | 1 2 3 4 5 7 9 10 11 12 13 15 | 15.6
Air Magic      | 1 2 3 5 8 10 11 13 | 13.4
Spellcasting   | 3 4 5 6 8 9 10 12 14 | 14.6
Transmutations | 4 8 10 11 13 | 13.3
Unarmed Combat | 7 10 | 10.3
Poison Magic   | |  2.8

Action                     |  1- 3 |  4- 6 |  7- 9 | 10-12 | 13-15 | 16-18 || total
---------------------------+-------+-------+-------+-------+-------+-------++-------
  Melee: Unarmed           |     3 |     4 |     2 |     5 |   287 |   231 ||   532
         Bite              |       |     2 |       |     2 |    13 |     1 ||    18
         Punch             |       |       |       |       |    11 |    14 ||    25
   Cast: Sting             |    43 |   139 |   195 |    27 |   137 |       ||   541
         Poisonous Vapours |    18 |    97 |    68 |     7 |    69 |     3 ||   262
         Mephitic Cloud    |       |       |     3 |     2 |     3 |       ||     8
         Olgreb's Toxic Ra |       |       |     3 |     7 |    35 |     5 ||    50
         Airstrike         |       |       |    41 |   601 |  1317 |   109 ||  2068
         Swiftness         |       |       |       |     2 |       |       ||     2
         Passwall          |       |       |       |       |     3 |       ||     3
         Storm Form        |       |       |       |       |    13 |    26 ||    39
 Invoke: Potion Petition   |       |       |     1 |     5 |    10 |     1 ||    17
         Call Merchant     |       |       |       |       |     3 |       ||     3
Ability: Blinkbolt         |       |       |       |       |     4 |     9 ||    13
  Evoke: Wand              |       |       |     5 |    13 |    23 |     1 ||    42
         Box of beasts     |       |       |       |     1 |     1 |     1 ||     3
         Phantom mirror    |       |       |       |     1 |     1 |       ||     2
         Tin of tremorston |       |       |       |       |     1 |       ||     1
    Use: Potion            |       |     3 |     2 |       |     7 |     3 ||    15
         Scroll            |       |       |       |    27 |    26 |     5 ||    58
   Stab: Distracted        |       |       |       |       |     2 |     3 ||     5
 Armour: Skin              |     3 |    12 |    17 |    15 |   127 |    24 ||   198
  Dodge: Dodged            |    21 |    60 |   163 |   220 |  1394 |   382 ||  2240

Table legend: (Time is in decaauts)
 A = Elapsed time spent in this place.
 B = Non-inter-level travel time spent in this place.
 C = Inter-level travel time spent in this place.
 D = Time resting spent in this place.
 E = Time spent auto-exploring this place.
 F = Levels seen in this place.
 G = Mean time per level.
                   A        B        C        D        E       F      G
               +--------+--------+--------+--------+--------+-----+--------+
         Total |  72611 |  69494 |   3117 |  23634 |  37016 |  32 | 2269.1 |
       Dungeon |  36256 |  34283 |   1973 |  10524 |  19256 |  15 | 2417.1 |
        Temple |    248 |    221 |     27 |      0 |    216 |   1 |  248.0 |
          Lair |  15291 |  14774 |    517 |   4961 |   8147 |   5 | 3058.2 |
   Spider Nest |   8789 |   8676 |    113 |   4146 |   3694 |   4 | 2197.2 |
  Orcish Mines |   3938 |   3705 |    233 |    977 |   2116 |   2 | 1969.0 |
   Elven Halls |   6404 |   6152 |    252 |   2193 |   3328 |   3 | 2134.7 |
         Abyss |    725 |    725 |      0 |    290 |      1 |   1 |  725.0 |
      Gauntlet |    955 |    955 |      0 |    542 |    256 |   1 |  955.0 |
               +--------+--------+--------+--------+--------+-----+--------+

Top non-repeatable levels by time:
Spider:1: 5555 daAuts
  Lair:5: 5340 daAuts
    D:13: 4913 daAuts
     D:9: 3870 daAuts
     D:8: 3385 daAuts
    D:12: 3353 daAuts
    D:14: 3289 daAuts
  Lair:2: 3019 daAuts
    D:11: 2855 daAuts
   Elf:1: 2661 daAuts
  Lair:3: 2581 daAuts
   Orc:2: 2577 daAuts
   Elf:2: 2417 daAuts
Spider:3: 2361 daAuts
  Lair:4: 2236 daAuts
